 Dungeon Crawl Stone Soup version 0.31-a0-692-gf03d1854d5 (webtiles) character file.

Game seed: 10059698123617473158

104 qw the Shooter (level 4, 0/28 HPs)
             Began as a Gargoyle Hunter on Sept 6, 2023.
             Slain by a goblin
             ... wielding a +0 club
             ... led by Robin
              (1 damage)
             ... on level 2 of the Dungeon.
             The game lasted 00:00:29 (1071 turns).

qw the Shooter (Gargoyle Hunter)                    Turns: 1071, Time: 00:00:29

Health: 0/28       AC:  6    Str: 15    XL:     4   Next: 80%
Magic:  0/4        EV: 12    Int:  9    God:
Gold:   51         SH:  0    Dex: 21    Spells: 3/3 levels left

rFire   . . .        Y - +0 shortbow
rCold   . . .        (shield currently unavailable)
rNeg    + . .        c - +0 leather armour
rPois   inf          (no helmet)
rElec   +            (no cloak)
rCorr   .            (no gloves)
SInv    .            (no boots)
Will    .....        f - amulet of guardian spirit
Stlth   ++           e - +6 ring of dexterity
HPRegen 0.24/turn    (no ring)
MPRegen 0.09/turn

%: guardian spirit
@: no status effects
A: sickness immunity, AC +3, negative energy resistance 1, electricity
resistance, torment resistance 1, petrification resistance
a: no special abilities


You were on level 2 of the Dungeon.
You visited 1 branch of the dungeon, and saw 2 of its levels.

You collected 51 gold pieces.


Innate Abilities, Weirdness & Mutations

You are immune to sickness and miasma.
Your stone body is resilient. (AC +3)
You are immune to poison.
You resist negative energy. (rN+)
You are resistant to electric shocks. (rElec)
You are resistant to unholy torment.
You are immune to petrification.


   Skills:
 - Level 3.2 Fighting
 + Level 5.5 Ranged Weapons
 - Level 1.5 Dodging
 - Level 1.1 Stealth


You had 3 spell levels left.
You didn't know any spells.
Your spell library was empty.

Inventory:

Hand Weapons
 Y - a +0 shortbow (weapon)
Armour
 c - a +0 leather armour (worn)
 d - a +1 hat
 h - a +0 ring mail
Jewellery
 e - a +6 ring of dexterity (left hand)
 f - an amulet of guardian spirit (around neck)
Scrolls
 a - 3 scrolls of identify {unknown}
Potions
 b - a potion of degeneration {unknown}
 g - a potion of cancellation {unknown}

Dungeon Overview and Level Annotations

Branches:
Dungeon (2/15)

Altars:


Message History

You shoot an arrow. The arrow barely misses Robin.
The goblin misses you. The goblin closely misses you.
The goblin barely misses you. The goblin hits you but does no damage.
Robin roars a battlecry!
The goblins go into a battle-frenzy!
The goblin hits you but does no damage. x2
You shoot an arrow. The arrow hits Robin!
You kill Robin!
The goblin no longer looks unusually strong. x2
The goblin barely misses you. x3
You shoot an arrow. The arrow completely misses the goblin.
The goblin no longer looks unusually strong.
The goblin hits you but does no damage. The goblin hits you with a +0 dagger.
The goblin closely misses you. The goblin hits you but does no damage.
You shoot an arrow. The arrow barely misses the goblin.
The goblin closely misses you. The goblin hits you but does no damage.
The goblin barely misses you. The goblin hits you with a +0 club.
You shoot an arrow. The arrow hits the goblin!
You kill the goblin!
The goblin hits you but does no damage. x3
You shoot an arrow. The arrow barely misses the goblin.
The goblin hits you but does no damage. The goblin closely misses you.
The goblin hits you but does no damage. The goblin closely misses you.
You shoot an arrow. The arrow closely misses the goblin.
The goblin closely misses you. The goblin hits you with a +0 club.
The goblin closely misses you. The goblin barely misses you.
You shoot an arrow. The arrow closely misses the goblin.
The goblin barely misses you. The goblin hits you with a +0 club.
The goblin closely misses you. The goblin hits you with a +0 club.
The goblin hits you but does no damage. x2; The goblin hits you with a +0 club. x2
You shoot an arrow. The arrow hits the goblin!
You kill the goblin!
The goblin closely misses you. The goblin hits you but does no damage.
The goblin closely misses you.
You shoot an arrow. The arrow closely misses the goblin.
The goblin closely misses you. The goblin misses you.
The goblin hits you but does no damage. The goblin hits you with a +0 dagger.
You shoot an arrow. The arrow closely misses the goblin.
The goblin closely misses you. The goblin hits you with a +0 club.
You die...

... ####### #..
.......# ...
.......# .)
.......# .##
.......## ##..###
#......###gg...#
#.##.#..##@#
#.##.##.#gg#
#######.##......##
..............###
######.####..##
#..# #...##
.######.###......
............#......
#### #
.#######.#########.
...#.###.


You could see 4 goblins.

Vanquished Creatures
  Jessica (D:2)
  Robin (D:2)
  2 adders (D:2)
  A worm (D:2)
  2 dart slugs
  3 ball pythons
  3 endoplasms
  A giant cockroach (D:2)
  11 goblins
  3 hobgoblins (D:1)
  4 bats
  4 frilled lizards
  3 kobolds (D:1)
  3 rats (D:1)
42 creatures vanquished.

Notes
Turn   | Place    | Note
-------+----------+-------------------------------------------
     0 | D:1      | qw the Gargoyle Hunter began the quest for the Orb.
     0 | D:1      | Reached XP level 1. HP: 12/12 MP: 1/1
     0 | D:1      | 0 ||| qw: Version: 0.3-a-76-g4403597
     0 | D:1      | 0 ||| qw: Game counter: 108
     0 | D:1      | 0 ||| qw: Melee chars always use a shield: true
     0 | D:1      | 0 ||| qw: God list: Okawaru
     0 | D:1      | 0 ||| qw: Allow faded altars: false
     0 | D:1      | 0 ||| qw: Do Orc after clearing Dungeon:15 true
     0 | D:1      | 0 ||| qw: Do second Lair branch before Depths: true
     0 | D:1      | 0 ||| qw: Lair rune preference: random
     0 | D:1      | 0 ||| qw: Goals: Normal
     0 | D:1      | 0 ||| PLANNING D:1-11
    94 | D:1      | Reached XP level 2. HP: 17/17 MP: 2/2
   592 | D:1      | Reached XP level 3. HP: 21/21 MP: 3/3
   734 | D:1      | 734 ||| UPGRADING to amulet of guardian spirit.
   739 | D:1      | 739 ||| UPGRADING to +6 ring of dexterity.
   740 | D:1      | 740 ||| READING scroll labelled CETAAGA RATOULOT.
   741 | D:1      | 741 ||| DROPPING scroll of butterflies.
   775 | D:2      | Reached skill level 5 in Ranged Weapons
   788 | D:2      | Noticed Jessica
   790 | D:2      | Killed Jessica
   791 | D:2      | Reached skill level 3 in Fighting
   810 | D:2      | Reached XP level 4. HP: 28/28 MP: 4/4
   930 | D:2      | Found a faded altar of an unknown god.
  1042 | D:2      | Noticed Robin
  1062 | D:2      | Killed Robin
  1068 | D:2      | HP: 7/28 [goblin/+0 club[Robin] (5)]
  1068 | D:2      | HP: 3/28 [goblin/+0 club[Robin] (1)]
  1070 | D:2      | HP: 1/28 [goblin/+0 dagger[Robin] (2)]
  1071 | D:2      | Slain by a goblin

Levels and vault maps discovered:
D:1:      minmay_arrival_wavy_path, layout_basic
D:2:      layout_rooms, nicolae_ecumenical_lake_church, uniq_jessica, uniq_robin

Skill      XL: |  1  2  3 |
---------------+----------+-----
Ranged Weapons | 5 |  5.5
Fighting       | 3 |  3.2
Dodging        | |  1.5
Stealth        | |  1.1

Action                     |  1- 3 |  4- 6 || total
---------------------------+-------+-------++-------
   Fire: Shortbow          |    77 |    58 ||   135
    Use: Scroll            |     1 |       ||     1
 Armour: Leather armour    |     8 |    53 ||    61
  Dodge: Dodged            |    28 |    49 ||    77

Table legend:
 A = Non-vault XP
 B = Vault XP
 C = Vault XP percentage of total XP
 D = Non-vault monster count
 E = Vault monster count
 F = Vault count percentage of total count
                 A         B        C        D         E       F
            +---------+---------+-------+---------+---------+-------
      Total |      83 |      66 |  44.3 |      33 |       9 |  21.4
            +---------+---------+-------+---------+---------+-------
        D:1 |      36 |       0 |   0.0 |      22 |       0 |   0.0
        D:2 |      47 |      66 |  58.4 |      11 |       9 |  45.0
            +---------+---------+-------+---------+---------+-------
